 Dungeon Crawl Stone Soup version 0.21.1-1-g345015f (webtiles) character file.

245 letownia2 the Conjurer (level 5, -3/35 HPs)
             Began as a Demonspawn Wizard on Feb 8, 2018.
             Slain by an orc priest
             ... wielding a +0 falchion
              (8 damage)
             ... on level 4 of the Dungeon.
             The game lasted 00:05:27 (2482 turns).

letownia2 the Conjurer (Demonspawn Wizard)          Turns: 2482, Time: 00:05:27

Health: -3/35      AC:  6    Str: 11    XL:     5   Next: 83%
Magic:  0/9        EV: 17    Int: 19    God:
Gold:   162        SH:  0    Dex: 16    Spells: 1/10 levels left

rFire    . . .     SeeInvis .   a - +2 dagger (speed)
rCold    + . .     Gourm    .   (no shield)
rNeg     . . .     Faith    .   m - +0 leather armour
rPois    .         Spirit   .   f - +0 helmet
rElec    .         Reflect  .   (no cloak)
rCorr    .         Harm     .   (no gloves)
MR       .....                  (no boots)
Stlth    +++.......             (no amulet)
HPRegen  0.11/turn              (no ring)
MPRegen  0.11/turn              (no ring)

@: agile, very slightly contaminated, hasted, invisible, very quick
A: thin metallic scales 1, cold resistance 1, strong 1, evolution 1
a: no special abilities


You were on level 4 of the Dungeon.
You were hungry.

You visited 1 branch of the dungeon, and saw 4 of its levels.

You collected 162 gold pieces.

Inventory:

Hand Weapons
 a - a +2 dagger of speed (weapon)
 b - a +0 hunting sling
 g - a +0 dagger
 j - a +0 short sword
 u - a +1 vampiric dagger
Armour
 f - a +0 helmet (worn)
 m - a +0 leather armour (worn)
Jewellery
 t - an uncursed amulet of regeneration {unknown}
Scrolls
 e - 3 scrolls of fear {unknown}
 h - 3 scrolls of teleportation {unknown}
 k - 2 scrolls of identify {unknown}
 n - 2 scrolls of remove curse {unknown}
 q - a scroll of enchant weapon {unknown}
 s - a scroll of blinking {unknown}
 v - a scroll of noise {unknown}
Potions
 r - a potion of haste
 w - a potion of curing {unknown}
Books
 c - a book of Minor Magic

   Spells                             Type                      Level
   a - Magic Dart                     Conjuration                  1
   b - Blink                          Translocation                2
   c - Call Imp                       Summoning                    2
   d - Slow                           Hexes                        2
   e - Conjure Flame                  Conjuration/Fire             3
   f - Mephitic Cloud                 Conjuration/Poison/Air       3
Comestibles
 d - 4 rations


   Skills:
 - Level 1.7 Dodging
 - Level 1.7 Stealth
 + Level 3.1 Spellcasting
 - Level 4.1 Conjurations
   Level 1.0 Summonings
 + Level 1.2 Translocations
 + Level 1.6 Fire Magic
 + Level 1.6 Air Magic
 + Level 2.0 Poison Magic


You had one spell level left.
You knew the following spells:

 Your Spells              Type           Power        Failure   Level  Hunger
a - Magic Dart            Conj           ###.         3%          1    None
b - Blink                 Tloc           N/A          19%         2    ##.....
c - Conjure Flame         Conj/Fire      ##......     19%         3    ###....
e - Mephitic Cloud        Conj/Pois/Air  ##......     21%         3    ###....


Dungeon Overview and Level Annotations

Branches:
Dungeon (4/15)
 Temple: D:4-7

Altars:


Innate Abilities, Weirdness & Mutations

You are partially covered in thin metallic scales. (AC +2)
Your flesh is cold resistant. (rC+)
Your muscles are strong. (Str +2)
You evolve.


Message History

The orc priest is lightly wounded.
You barely miss the orc priest.
The orc priest is lightly wounded.
The orc priest mumbles some strange prayers to Beogh against you.
Pain shoots through your body!
* * * LOW HITPOINT WARNING * * *
You hit the orc priest but do no damage.
The orc priest is lightly wounded.
Unknown command.
It was a potion of mutation.
You feel extremely strange.
You feel nature experimenting on you.
Don't worry, failures die fast.
You feel resistant to cold.
You feel stronger.
The orc priest invokes the aid of Beogh against you.
You barely resist.
It was a potion of agility.
You feel agile all of a sudden.
It was a potion of invisibility.
You fade into invisibility!
The orc priest hits you with a falchion!
You die...

##################
..............[..#
################.#
######## #.#
.......# #@#
..####.# #o# #.#
#.# #.# #.# #.#
#.# #.# #.# #.####
#.# #.# #....# #.#
#.# ####.#
#.####.# .#
.......##### .#


You could see an orc priest.

Vanquished Creatures
  An ogre (D:4)
  2 hounds (D:4)
  An orc wizard (D:4)
  An iguana (D:4)
  3 adders
  A worm (D:4)
  A dart slug (D:1)
  3 leopard geckos
  2 orcs
  2 giant cockroaches
  6 goblins
  4 hobgoblins
  2 kobolds (D:2)
  A quokka (D:3)
  3 bats
  2 frilled lizards
  4 rats
39 creatures vanquished.

Notes
Turn   | Place    | Note
-------+----------+-------------------------------------------
     0 | D:1      | letownia2 the Demonspawn Wizard began the quest for the Orb.
     0 | D:1      | Reached XP level 1. HP: 13/13 MP: 4/4
   490 | D:1      | Reached skill level 2 in Conjurations
   565 | D:1      | Gained mutation: You are partially covered in thin metallic scales. (AC +2) [demonic ancestry]
   565 | D:1      | Reached XP level 2. HP: 19/19 MP: 4/6
  1031 | D:2      | Reached skill level 3 in Conjurations
  1061 | D:2      | Reached XP level 3. HP: 24/24 MP: 2/7
  1112 | D:2      | Learned a level 3 spell: Mephitic Cloud
  1116 | D:2      | Learned a level 3 spell: Conjure Flame
  1696 | D:4      | Reached skill level 1 in Poison Magic
  1696 | D:4      | Reached XP level 4. HP: 30/30 MP: 2/8
  1724 | D:4      | Learned a level 2 spell: Blink
  1777 | D:4      | Noticed an ogre
  1990 | D:4      | Killed an ogre
  1990 | D:4      | Reached skill level 1 in Fire Magic
  1990 | D:4      | Reached skill level 1 in Air Magic
  1990 | D:4      | Reached XP level 5. HP: 35/35 MP: 0/9
  2017 | D:4      | Reached skill level 4 in Conjurations
  2207 | D:4      | Reached skill level 1 in Translocations
  2480 | D:4      | Gained mutation: You evolve. [potion of mutation]
  2480 | D:4      | Gained mutation: Your flesh is cold resistant. (rC+) [potion of mutation]
  2480 | D:4      | Gained mutation: Your muscles are strong. (Str +2) [potion of mutation]
  2482 | D:4      | Slain by an orc priest

Skill      XL: |  1  2  3  4  5 |
---------------+----------------+-----
Conjurations   | 2 3 4 |  4.1
Poison Magic   | 1 2 |  2.0
Fire Magic     | 1 |  1.6
Air Magic      | 1 |  1.6
Translocations | 1 |  1.2
Dodging        | |  1.7
Stealth        | |  1.7
Spellcasting   | |  3.1
Summonings     | |  1.0

Action                   |  1- 3 |  4- 6 || total
-------------------------+-------+-------++-------
Melee: Unarmed           |    15 |       ||    15
       Dagger            |     7 |    55 ||    62
 Cast: Magic Dart        |    81 |    31 ||   112
       Mephitic Cloud    |       |     5 ||     5
  Use: Potion            |       |     5 ||     5
 Stab: Confused          |       |     2 ||     2
  Eat: Chunk             |     2 |     3 ||     5
Armor: Robe              |    13 |       ||    13
       Leather armour    |     9 |    17 ||    26
Dodge: Dodged            |    27 |    32 ||    59
